 Dungeon Crawl Stone Soup version 0.25-a0-502-g6516661 (webtiles) character file.

Game seed: 12526788836050691279, levelgen mode: deterministic

37 drc500free the Ruffian (level 3, 0/32 (33) HPs)
             Began as a Ghoul Monk on Feb 12, 2020.
             Slain by a bat (1 damage)
             ... on level 2 of the Dungeon.
             The game lasted 00:02:49 (481 turns).

drc500free the Ruffian (Ghoul Monk)                  Turns: 481, Time: 00:02:49

HP:   0/32 (33)     AC:  8    Str: 14 (15) XL:     3   Next: 39%
MP:   2/2           EV:  6    Int:  4 (5)  God:
Gold: 23            SH:  0    Dex: 10 (11) Spells: 2/2 levels left

rFire    + . .     SeeInvis .   c - +1 short sword (venom)
rCold    + + .     Gourm    .   (no shield)
rNeg     + + +     Faith    .   i - +0 chain mail
rPois    ∞         Spirit   .   (no helmet)
rElec    +         Reflect  .   (no cloak)
rCorr    +         Harm     .   (no gloves)
MR       .....                  (no boots)
Stlth    ..........             (no amulet)
HPRegen  0.00/turn              (no ring)
MPRegen  0.08/turn              (no ring)

@: resistant, rotting
A: rotting body, claws 1, carnivore, cold resistance 1, negative energy
resistance 3, inhibited regeneration, torment resistance, unbreathing
a: no special abilities


You were on level 2 of the Dungeon.
You were not hungry.

You visited 1 branch of the dungeon, and saw 2 of its levels.

You collected 23 gold pieces.

Inventory:

Hand Weapons
 c - a +1 short sword of venom (weapon)
 d - a +0 hand axe
Armour
 a - a +0 robe
 i - a +0 chain mail (worn)
Jewellery
 h - a cursed amulet of inaccuracy {unknown}
Scrolls
 g - a scroll of identify {unknown}
Potions
 e - a potion of resistance
 f - a potion of mutation
Comestibles
 b - 2 rations


   Skills:
 + Level 3.7 Fighting
 + Level 0.3 Short Blades
 + Level 0.1 Armour
 + Level 2.9 Dodging
 + Level 2.4 Stealth
 + Level 3.9 Unarmed Combat


You had 2 spell levels left.
You didn't know any spells.
Your spell library was empty.

Dungeon Overview and Level Annotations

Branches:
Dungeon (2/15)

Altars:

Annotations:
D:2 Jessica


Innate Abilities, Weirdness & Mutations

Your body is rotting away.
You thrive on raw meat.
You are immune to poison.
You have sharp fingernails.
You are carnivorous and can eat meat at any time.
Your flesh is cold resistant. (rC+)
You are immune to negative energy. (rN+++)
You do not regenerate when monsters are visible.
You are immune to unholy pain and torment.
You can survive without breathing.


Message History

A hobgoblin comes into view. It is quivering 11 poisoned darts.
You stumble into a teleport trap!
You are suddenly yanked towards a nearby monster!
Your surroundings suddenly seem different.
A bat comes into view.
Found a stone staircase leading up.
Jessica the Apprentice Sorceress comes into view.
Jessica shouts!
You hear a shout!
You hear an angry hiss.
The bat hits you but does no damage.
A bat comes into view.
You hit the bat.
The bat is poisoned.
The bat is severely wounded.
You kill the bat!
The bat hits you but does no damage.
A hobgoblin comes into view.
The bat hits you but does no damage.
You barely miss the bat. The bat barely misses you.
The bat completely misses you. The bat hits you.
You die...

#........
##........
#.#
#.........
...
#.........
..#
#.........
#.†.......
#.#<#.###.
#b#.# #
#@#.#
#.#.#
#.#.#
#.#.# #.#
#.# ...
###


You could see a bat.

Vanquished Creatures
  A gnoll (D:2)
  2 dart slugs (D:1)
  5 bats
  3 giant cockroaches (D:1)
  A goblin (D:1)
  3 hobgoblins
  2 kobolds (D:1)
  A frilled lizard (D:1)
  4 rats (D:1)
22 creatures vanquished.

Notes
Turn   | Place    | Note
-------+----------+-------------------------------------------
     0 | D:1      | drc500free the Ghoul Monk began the quest for the Orb.
     0 | D:1      | Reached XP level 1. HP: 19/19 MP: 0/0
    69 | D:1      | Reached XP level 2. HP: 26/26 MP: 1/1
   347 | D:1      | Reached XP level 3. HP: 27/33 MP: 2/2
   442 | D:1      | You fall into a shaft and drop 1 floor!
   464 | D:2      | HP: 1/32 [gnoll/+1 spear of venom (6)]
   475 | D:2      | Noticed Jessica
   481 | D:2      | Slain by a bat

Levels and vault maps discovered:
D:1:      minmay_arrival_stair_chambers, layout_basic
D:2:      layout_loops_ring, nicolae_overflow_quartered_altars,
          nicolae_overflow_hidden_temple, uniq_jessica

Action                   || total
-------------------------++-------
Melee: Unarmed           ||     8
       Short sword       ||    42
  Use: Potion            ||     2
 Stab: Sleeping          ||     1
Armor: Robe              ||     8
       Chain mail        ||     7
Dodge: Dodged            ||    48

Table legend:
 A = Non-vault XP
 B = Vault XP
 C = Vault XP percentage of total XP
 D = Non-vault monster count
 E = Vault monster count
 F = Vault count percentage of total count
                 A         B        C        D         E       F
            +---------+---------+-------+---------+---------+-------
      Total |      53 |       0 |   0.0 |      22 |       0 |   0.0
            +---------+---------+-------+---------+---------+-------
        D:1 |      35 |       0 |   0.0 |      19 |       0 |   0.0
        D:2 |      18 |       0 |   0.0 |       3 |       0 |   0.0
            +---------+---------+-------+---------+---------+-------
